AoeStats
← audi_225

QS Arena

503426328Analyzed
2v2 RM · 1mo ago on Aug 31, 2026· 45m 43s· 4 players
Game mode
Random Map
Map size
Medium (4 player)
Population
200
Speed
Normal
Resources
Standard
Victory
Conquest
Starting age
Dark Age
Ending age
Imperial Age
RankedLock teamsTeams togetherTeam positionsShared explorationLock speedFull tech treeHidden civsTurbo modeCheats
Victory
Defeat
🇹🇷 Britons · Türkiye
1468
+15
🇺🇦 Hindustanis · Ukraine
1467
+15
🇩🇰 Armenians · Denmark
1447
-15
🇩🇰 Cumans · Denmark
1447
-15
Kevtech
8:01 Feudal Age
8:55 Double-Bit Axe
8:54 Horse Collar
10:01 Man-at-Arms
10:59 Loom
11:11 Long Swordsman
11:59 Scale Mail Armor
13:54 Wheelbarrow
20:21 Castle Age
18:28 Gold Mining
18:35 Fletching
18:46 Padded Archer Armor
18:56 Forging
20:31 Elite Skirmisher
21:34 Squires
21:55 Bow Saw
22:32 Bodkin Arrow
23:06 Two-Handed Swordsman
23:50 Heavy Plow
25:19 Hand Cart
24:50 Town Watch
25:38 Chain Mail Armor
27:18 Masonry
27:21 Fortified Wall
27:03 Gambesons
28:42 Gold Shaft Mining
28:01 Stone Mining
29:05 Masonry
29:26 Leather Archer Armor
30:11 Ballistics
30:41 Iron Casting
31:47 Murder Holes
35:06 Imperial Age
33:13 Champion
36:10 Fereters
36:14 Scale Barding Armor
36:42 Plate Mail Armor
36:12 Bracer
37:31 Chemistry
37:04 Conscription
37:54 Ring Archer Armor
38:26 Blast Furnace
38:09 Hoardings
38:29 Hoardings
44:22 Fervor
jakobtoxvig
2:36 Loom
7:19 Feudal Age
14:34 Double-Bit Axe
14:31 Horse Collar
22:19 Castle Age
21:27 Scale Barding Armor
21:33 Forging
21:59 Bloodlines
23:12 Wheelbarrow
24:12 Bow Saw
26:51 Gold Mining
27:06 Heavy Plow
29:16 Devotion
34:03 Imperial Age
31:53 Hand Cart
32:52 Chain Barding Armor
35:22 Scale Mail Armor
35:57 Plate Barding Armor
35:13 Fletching
36:01 Iron Casting
34:49 Cavalier
35:00 Pikeman
35:41 Squires
36:23 Halberdier
39:30 Fletching
39:40 Padded Archer Armor
40:01 Elite Skirmisher
40:40 Bodkin Arrow
41:46 Blast Furnace
41:38 Leather Archer Armor
41:55 Ballistics
42:36 Chemistry
44:44 Paladin
audi_225
7:39 Feudal Age
7:01 Loom
11:55 Castle Age
9:42 Double-Bit Axe
11:02 Horse Collar
23:59 Bow Saw
24:33 Wheelbarrow
26:07 Stone Mining
26:16 Gold Mining
28:41 Hand Cart
29:57 Heavy Plow
31:21 Stone Shaft Mining
31:26 Gold Shaft Mining
33:38 Imperial Age
31:49 Scale Barding Armor
31:54 Forging
32:54 Chain Barding Armor
33:13 Bloodlines
33:03 Husbandry
34:09 Iron Casting
33:49 Heavy Camel Rider
34:55 Conscription
35:13 Plate Barding Armor
35:41 Fletching
37:06 Chemistry
37:14 Imperial Camel Rider
41:10 Light Cavalry
43:12 Shatagni
44:34 Blast Furnace
43:30 Bodkin Arrow
Arda Asar
0:29 Loom
8:18 Feudal Age
9:25 Town Watch
9:26 Horse Collar
13:39 Castle Age
13:23 Scale Barding Armor
13:13 Double-Bit Axe
15:05 Husbandry
15:40 Forging
18:32 Bow Saw
20:49 Heavy Plow
21:44 Gold Mining
21:45 Stone Mining
22:37 Wheelbarrow
26:09 Hand Cart
25:40 Town Watch
27:12 Treadmill Crane
27:53 Ballistics
30:07 Imperial Age
27:43 Padded Archer Armor
27:33 Fletching
28:50 Gold Shaft Mining
28:10 Fletching
28:40 Masonry
28:46 Town Patrol
29:36 Yeomen
29:13 Bodkin Arrow
30:18 Pikeman
30:59 Squires
30:44 Arson
31:21 Conscription
30:21 Elite Longbowman
31:37 Leather Archer Armor
31:50 Gambesons
33:21 Chemistry
32:13 Halberdier
34:10 Two-Man Saw
33:31 Bracer
34:52 Architecture
34:28 Siege Engineers
34:32 Murder Holes
35:00 Cavalier
35:40 Husbandry
36:27 Ring Archer Armor
36:32 Iron Casting
36:17 Chain Barding Armor
36:36 Warwolf
37:34 Hoardings
38:20 Fortified Wall
39:57 Blast Furnace
40:08 Plate Barding Armor
Connection lost

Rejoining the realm…

Still unreachable

The connection could not be restored.

Session expired

The server has moved on; the page needs a fresh start.